 Dungeon Crawl Stone Soup version 0.27-a0-385-g3208abaabc (webtiles) character file.

Game seed: 5086176350297133734

112 kae the Ruffian (level 4, -5/36 HPs)
             Began as a Draconian Transmuter on Feb 18, 2021.
             Slain by an orc warrior
             ... wielding a +0 mace
              (11 damage)
             ... on level 3 of the Dungeon.
             The game lasted 00:02:06 (2190 turns).

kae the Ruffian (Draconian Transmuter)              Turns: 2190, Time: 00:02:07

Health: -5/36      AC:  2    Str: 13    XL:     4   Next: 63%
Magic:  0/7        EV: 20    Int: 13    God:
Gold:   119        SH:  0    Dex: 17    Spells: 3/7 levels left

rFire    . . .     SeeInvis .     - Unarmed
rCold    . . .     Faith    .   (shield currently unavailable)
rNeg     . . .     Spirit   .   (armour unavailable)
rPois    x         Reflect  .   (helmet currently unavailable)
rElec    .         Harm     .   (cloak currently unavailable)
rCorr    .         Rampage  .   (gloves currently unavailable)
Will     .....                  (boots currently unavailable)
Stlth    ++........             (no amulet)
HPRegen  0.12/turn              (no ring)
MPRegen  0.10/turn              (no ring)

@: spider-form, very slightly contaminated
A: tiny, unfitting armour, AC +5
a: End Transformation


You were on level 3 of the Dungeon.
You were a venomous arachnid creature.
You visited 1 branch of the dungeon, and saw 3 of its levels.

You collected 119 gold pieces.

Inventory:

Scrolls
 b - a scroll of teleportation
 i - a scroll of identify
Potions
 c - a potion of curing
 e - a potion of haste
 f - a potion of magic
 g - 2 potions of heal wounds
 h - a potion of degeneration


   Skills:
 + Level 1.9 Fighting
 + Level 2.2 Dodging
 * Level 3.7 Unarmed Combat
 + Level 2.3 Spellcasting
 * Level 3.0 Transmutations
 * Level 1.1 Poison Magic


You had 3 spell levels left.
You knew the following spells:

 Your Spells              Type           Power        Failure   Level
a - Beastly Appendage     Tmut           18%          19%         1
b - Spider Form           Tmut/Pois      3%           52%         3

Your spell library contained the following spells:

 Spells                   Type           Power        Failure   Level
 Wereblood                Tmut           9%           26%         2
 Ice Form                 Ice/Tmut       5%           91%         4
 Blade Hands              Tmut           4%           97%         5


Dungeon Overview and Level Annotations

Branches:
Dungeon (3/15)

Altars:
Ru
Vehumet
Yredelemnul


Innate Abilities, Weirdness & Mutations

((Your plain brown scales are hard. (AC +5)))
You cannot fit into any form of body armour.
((You are cold-blooded and may be slowed by cold attacks.))


Message History

The orc is severely wounded.
The orc warrior hits you with a +0 mace.
The orc closely misses you.
You are too injured to fight recklessly!
You are too injured to fight recklessly!
You are too injured to fight recklessly!
You are too injured to fight recklessly!
Sorry, you're not good enough to have a special ability.
Unknown command.
Casting: Spider Form (quite dangerous; 30% risk of failure)
Confirm with . or Enter, or press ? or * to list all spells.
The spell is quite dangerous to cast (30% risk of failure)!
Continue anyway? [Y]es or [N]o only, please.
The spell is quite dangerous to cast (30% risk of failure)!
Continue anyway? [Y]es or [N]o only, please.
The spell is quite dangerous to cast (30% risk of failure)!
Continue anyway? [Y]es or [N]o only, please.
The spell is quite dangerous to cast (30% risk of failure)!
Continue anyway?
Okay, then.
Casting: Spider Form (quite dangerous; 30% risk of failure)
Confirm with . or Enter, or press ? or * to list all spells.
The spell is quite dangerous to cast (30% risk of failure)!
Continue anyway? [Y]es or [N]o only, please.
The spell is quite dangerous to cast (30% risk of failure)!
Continue anyway?
You miscast Spider Form.
You are very lightly contaminated with residual magic.
Nothing appears to happen.
The orc warrior hits you with a +0 mace.
Casting: Spider Form (quite dangerous; 30% risk of failure)
Confirm with . or Enter, or press ? or * to list all spells.
The spell is quite dangerous to cast (30% risk of failure)!
Continue anyway? [Y]es or [N]o only, please.
The spell is quite dangerous to cast (30% risk of failure)!
Continue anyway?
You turn into a venomous arachnid creature.
The orc warrior hits you with a +0 mace!
* * * LOW HITPOINT WARNING * * *
Okay, then.
You barely miss the orc warrior.
The orc warrior hits you with a +0 mace!
You die... #o. #oo #.. #.. ### #.. #.# #..#######)### #......oo....# #.##########o# # #.sooo#

#.#########
#.........#
#########.#
#......#.#
#.##.###.#######
#.##.# #)......#
#.##.#########.#
#.##.........#.#


You could see an orc warrior and 3 orcs.

Vanquished Creatures
  An orc wizard (D:3)
  Robin (D:2)
  2 adders
  2 worms (D:2)
  2 dart slugs (D:2)
  2 leopard geckos (D:2)
  A ball python (D:2)
  5 bats
  10 goblins (D:2)
  5 hobgoblins
  4 jackals (D:1)
  3 frilled lizards
  4 kobolds
  6 rats
48 creatures vanquished.

Vanquished Creatures (others)
  A hobgoblin (D:2)
1 creature vanquished.

Grand Total: 49 creatures vanquished

Notes
Turn   | Place    | Note
-------+----------+-------------------------------------------
     0 | D:1      | kae the Draconian Transmuter began the quest for the Orb.
     0 | D:1      | Reached XP level 1. HP: 16/16 MP: 3/3
   419 | D:1      | Reached XP level 2. HP: 19/23 MP: 3/5
   856 | D:2      | Found a radiant altar of Vehumet.
  1105 | D:2      | Reached XP level 3. HP: 28/28 MP: 6/6
  1115 | D:2      | Learned a level 3 spell: Spider Form
  1280 | D:2      | Noticed Robin
  1305 | D:2      | Killed Robin
  1599 | D:2      | Reached XP level 4. HP: 30/36 MP: 5/7
  1813 | D:2      | Found a basalt altar of Yredelemnul.
  1945 | D:2      | Found a sacrificial altar of Ru.
  2153 | D:3      | Noticed an orc warrior
  2178 | D:3      | Reached skill level 1 in Poison Magic
  2190 | D:3      | Slain by an orc warrior

Illustrated notes

Levels and vault maps discovered:
D:1:      saegor_arrival_simple_c, layout_rooms
D:2:      layout_rooms, general_overflow_altar, fiery_altar_vehumet,
          yredelemnul_altar_generic, serial_corexii_hall,
          chequers_hall_statues_y, chequers_hall_statues_wall_a,
          corexii_hall_statues_s, uniq_robin
D:3:      minmay_roachtagon, layout_basic, uniq_jessica

Skill      XL: |  1  2  3  4 |
---------------+-------------+-----
Dodging        | 2 |  2.2
Transmutations | 3 |  3.0
Poison Magic   | 1 |  1.1
Fighting       | |  1.9
Unarmed Combat | |  3.7
Spellcasting   | |  2.3

Action                   |  1- 3 |  4- 6 || total
-------------------------+-------+-------++-------
Melee: Unarmed           |   108 |    39 ||   147
       Kick              |     6 |     3 ||     9
       Headbutt          |     4 |     1 ||     5
       Tailslap          |     5 |     1 ||     6
       Punch             |     1 |       ||     1
 Cast: Beastly Appendage |    14 |     3 ||    17
       Spider Form       |     2 |     2 ||     4
  Use: Scroll            |     7 |     4 ||    11
       Potion            |     1 |       ||     1
Armor: Skin              |    27 |     5 ||    32
Dodge: Dodged            |    78 |    27 ||   105

Table legend: (Time is in decaauts)
 A = Elapsed time spent in this place.
 B = Non-inter-level travel time spent in this place.
 C = Inter-level travel time spent in this place.
 D = Time resting spent in this place.
 E = Time spent auto-exploring this place.
 F = Levels seen in this place.
 G = Mean time per level.
                   A        B        C        D        E       F      G
               +--------+--------+--------+--------+--------+-----+--------+
         Total |   2162 |   2091 |     71 |     17 |   1754 |   3 |  720.7 |
       Dungeon |   2162 |   2091 |     71 |     17 |   1754 |   3 |  720.7 |
               +--------+--------+--------+--------+--------+-----+--------+

Top non-repeatable levels by time:
     D:2: 1151 daAuts
     D:1: 845 daAuts
     D:3: 165 daAuts
